 Dungeon Crawl Stone Soup version 0.20.1-1-g8b1a95d (webtiles) character file.

329 tidbits the Skirmisher (level 6, 0/58 HPs)
             Began as a Demigod Wanderer on Aug 22, 2017.
             Killed by nerve-wracking pain
             ... invoked by an orc priest
              (11 damage)
             ... on level 6 of the Dungeon.
             The game lasted 00:12:34 (1214 turns).

tidbits the Skirmisher (Demigod Wanderer)           Turns: 1214, Time: 00:12:34

Health: 0/58       AC:  8    Str: 14    XL:     6   Next: 4%
Magic:  8/8        EV: 10    Int: 19    God:
Gold:   135        SH:  0    Dex: 17    Spells: 5/5 levels left

rFire    . . .     SeeInvis .   b - +0 short sword (freeze)
rCold    + + .     Gourm    .   (no shield)
rNeg     . . .     Faith    .   B - +0 scale mail (curse)
rPois    .         Spirit   .   E - +0 helmet
rElec    .         Reflect  .   (no cloak)
rCorr    .         Harm     .   (no gloves)
MR       .....                  F - +0 pair of boots (curse)
Stlth    ..........             (no amulet)
Regen    0.2/turn               o - ring of protection from cold
MPRegen  0.2/turn               x - ring of protection from cold

@: no status effects
A: high mp 1
a: no special abilities


You were on level 6 of the Dungeon.
You were very hungry.

You visited 1 branch of the dungeon, and saw 6 of its levels.

You collected 135 gold pieces.

Inventory:

Hand Weapons
 a - a +2 short sword
 b - a +0 short sword of freezing (weapon)
   (You took it off a kobold on level 3 of the Dungeon)
 m - a +0 hunting sling
Missiles
 i - 18 sling bullets
 n - 20 stones (quivered)
 r - 47 arrows
 w - 39 bolts
Armour
 q - a +0 animal skin
 v - a +0 scale mail
 B - a cursed +0 scale mail (worn)
 E - a +0 helmet (worn)
 F - a cursed +0 pair of boots (worn)
Jewellery
 o - a ring of protection from cold (left hand)
   (You found it on level 2 of the Dungeon)
 x - a ring of protection from cold (right hand)
   (You found it on level 4 of the Dungeon)
Wands
 f - a wand of clouds (1/9)
Scrolls
 c - a scroll of enchant armour {unknown}
 j - a scroll of teleportation {unknown}
 l - a scroll of immolation
 p - a scroll of fear
 u - a scroll of noise {unknown}
Potions
 e - a potion of curing
 g - a potion of might
 k - a potion of invisibility
 s - a potion of brilliance {unknown}
Comestibles
 d - 3 bread rations
 h - a meat ration
 t - a royal jelly


   Skills:
 + Level 6.5 Fighting
 - Level 2.6 Short Blades
 - Level 1.0 Throwing
 - Level 2.0 Dodging
 - Level 1.0 Stealth
   Level 1.0 Shields


You had 5 spell levels left.
You didn't know any spells.

Dungeon Overview and Level Annotations

Branches:
Dungeon (6/15)
 Temple: D:4-7

Shops:
D:6 :


Innate Abilities, Weirdness & Mutations

You have an increased reservoir of magic. (+10% MP)


Message History

You can access your shopping list by pressing '$'.
Unknown command.
As you open the door, it creaks loudly!
You hear a shout! x3
An orc priest comes into view. It is wielding a club.
Okay, then.
The orc priest barely misses you.
An orc comes into view. It is wielding a dagger of freezing.
There is an open door here.
You hit the orc priest but do no damage.
You hit the orc priest. You freeze the orc priest.
The orc priest is moderately wounded.
The orc priest looks satisfied for a moment.
There is an entrance to Joss's Book Shoppe here.
You hit the orc but do no damage.
The orc hits you with a dagger of freezing.
You hit the orc. You freeze the orc.
The orc is heavily wounded.
The orc priest looks satisfied for a moment.
The orc hits you but does no damage.
You closely miss the orc.
The orc is heavily wounded.
The orc hits you but does no damage.
You barely miss the orc.
The orc is heavily wounded.
The orc priest mumbles some strange prayers to Beogh against you.
Beogh smites you! The orc hits you but does no damage.
You closely miss the orc.
The orc is heavily wounded.
The orc hits you but does no damage.
You closely miss the orc.
The orc is heavily wounded.
The orc barely misses you.
You hit the orc. You freeze the orc.
The orc is almost dead.
The orc hits you but does no damage.
You hit the orc. You freeze the orc.
You kill the orc!
The orc priest invokes the aid of Beogh against you.
Beogh smites you!
You hear a shout!
Unknown command.
Press: ? - help, v - describe, . - travel, g - get item A dagger of freezing.
An open door, spattered with blood.
An orc comes into view. It is wielding a club.
The orc shouts!
The orc priest misses you.
An orc comes into view.
There is an open door, spattered with blood here.
You see here a dagger of freezing.
You hit the orc priest. You freeze the orc priest.
The orc priest is severely wounded.
The orc priest closely misses you.
You hit the orc priest. You freeze the orc priest.
The orc priest is severely wounded.
The orc priest invokes the aid of Beogh against you.
Pain shoots through your body!
* * * LOW HITPOINT WARNING * * *
The orc hits you but does no damage.
You closely miss the orc priest.
The orc priest is severely wounded.
The orc priest barely misses you. The orc misses you.
You barely miss the orc priest.
The orc priest is severely wounded.
The orc priest barely misses you. The orc hits you with a club.
* * * LOW HITPOINT WARNING * * *
Your scale mail prevents you from hitting the orc priest.
The orc priest is severely wounded.
The orc priest mumbles some strange prayers to Beogh against you.
You struggle to resist.
The orc hits you but does no damage.
You hit the orc priest but do no damage.
The orc priest is severely wounded.
The orc priest invokes the aid of Beogh against you.
Beogh smites you!
* * * LOW HITPOINT WARNING * * *
You hit the orc priest. You freeze the orc priest.
The orc priest is almost dead.
The orc hits you but does no damage.
The orc priest hits you but does no damage.
You feel better. The orc barely misses you.
The orc priest mumbles some strange prayers to Beogh against you.
Beogh smites you!
* * * LOW HITPOINT WARNING * * *
You closely miss the orc priest.
The orc priest is almost dead.
The orc barely misses you.
The orc priest hits you but does no damage.
You hit the orc priest but do no damage.
The orc priest is almost dead.
The orc hits you but does no damage.
You barely miss the orc priest.
The orc priest is almost dead.
The orc priest hits you but does no damage.
The orc hits you with a club.
* * * LOW HITPOINT WARNING * * *
You hit the orc priest but do no damage.
The orc priest is almost dead.
The orc priest invokes the aid of Beogh against you.
Pain shoots through your body!
You die...

#..<...# # #......#
# #......# #......+
#......### #.#...
#.#..######
########.##.#....##
#o@∩'.......#.(...#
#o###.##.#..####..#
#o #.#..#........#
.. #....#.######.#
### ####.... #.#
#.#.# #.# #.#.# #.#
#.#.# #.# #. #.#


You could see an orc priest and 2 orcs.

Vanquished Creatures
  An ogre (D:5)
  A bullfrog skeleton (D:5)
  An orc priest (D:3)
  A hound (D:4)
  A worker ant (D:4)
  A hound zombie (D:6)
  Robin (D:2)
  3 adders
  A howler monkey skeleton (D:6)
  A shadow imp (D:5)
  An adder skeleton (D:4)
  2 dart slugs (D:2)
  A leopard gecko (D:3)
  6 orcs
  3 giant cockroaches
  14 goblins
  6 hobgoblins
  7 jackals
  4 kobolds (D:3)
  3 bats
  4 frilled lizards
  A leopard gecko skeleton (D:4)
  4 rats (D:2)
68 creatures vanquished.

Notes
Turn   | Place    | Note
-------+----------+-------------------------------------------
     0 | D:1      | tidbits the Demigod Wanderer began the quest for the Orb.
     0 | D:1      | tidbits set off with: a +2 short sword, 2 potions of curing, a +0 robe, a bread ration
     0 | D:1      | Reached XP level 1. HP: 19/19 MP: 3/3
   123 | D:2      | Reached skill level 1 in Dodging
   188 | D:3      | Reached XP level 2. HP: 26/26 MP: 4/4
   229 | D:3      | Found an opulent altar of Gozag.
   245 | D:3      | Found an iron altar of Okawaru.
   246 | D:3      | Found a sparkling altar of Nemelex Xobeh.
   262 | D:3      | Found a shimmering altar of Xom.
   283 | D:3      | Reached skill level 2 in Dodging
   332 | D:3      | Reached skill level 4 in Fighting
   332 | D:3      | Reached XP level 3. HP: 27/33 MP: 5/5
   516 | D:2      | Noticed Robin
   544 | D:2      | Killed Robin
   544 | D:2      | Reached XP level 4. HP: 24/41 MP: 6/6
   748 | D:3      | Reached skill level 5 in Fighting
   946 | D:4      | Reached XP level 5. HP: 38/48 MP: 7/7
  1023 | D:5      | Entered Level 5 of the Dungeon
  1031 | D:5      | Noticed an ogre
  1038 | D:5      | Killed an ogre
  1038 | D:5      | Reached skill level 6 in Fighting
  1107 | D:6      | Noticed an ice beast
  1145 | D:6      | Reached XP level 6. HP: 50/58 MP: 8/8
  1186 | D:6      | Found Joss's Book Shoppe.
  1214 | D:6      | Killed from afar by an orc priest

Skill      XL: |  1  2  3  4  5 |
---------------+----------------+-----
Dodging        | 1 2 |  2.0
Fighting       | 4 5 6 |  6.5
Short Blades   | |  2.6
Throwing       | |  1.0
Stealth        | |  1.0
Shields        | |  1.0

Action                   |  1- 3 |  4- 6 || total
-------------------------+-------+-------++-------
Melee: Short sword       |    98 |   140 ||   238
Evoke: Wand              |     1 |     2 ||     3
  Use: Scroll            |     3 |     5 ||     8
       Potion            |       |     1 ||     1
 Stab: Sleeping          |     4 |       ||     4
       Confused          |     1 |       ||     1
Armor: Robe              |    20 |     1 ||    21
       Scale mail        |       |    53 ||    53
Dodge: Dodged            |    42 |    73 ||   115

Table legend:
 A = Turns spent in this place as a percentage of turns spent in the entire game.
 B = Non-inter-level travel turns spent in this place as a percentage of non-inter-level travel turns spent in the entire game.
 C = Inter-level travel turns spent in this place as a percentage of turns spent in this place.
 D = Turns resting spent in this place as a percentage of non-inter-level travel turns spent in this place.
 E = Turns spent auto-exploring this place as a percentage of non-inter-level travel turns spent in this place.
 F = Non-inter-level travel turns spent in this place divided by the number of levels of this place that you've seen.
                   A       B       C       D       E      F
               +-------+-------+-------+-------+-------+----------------------
         Total | 100.0 | 100.0 |   0.1 |   0.0 |   0.0 | 197.7
       Dungeon | 100.0 | 100.0 |   0.1 |   0.0 |   0.0 | 197.7
               +-------+-------+-------+-------+-------+----------------------

Table legend:
 A = Kills in this place as a percentage of kills in entire the game.
 B = Kills by you in this place as a percentage of kills by you in the entire game.
 C = Kills by friends in this place as a percentage of kills by friends in the entire game.
 D = Other kills in this place as a percentage of other kills in the entire game.
 E = Experience gained in this place as a percentage of experience gained in the entire game.
 F = Experience gained in this place divided by the number of levels of this place that you have seen.
                   A       B       C       D       E      F
               +-------+-------+-------+-------+-------+----------------------
         Total | 100.0 | 100.0 |  -nan | 100.0 | 100.0 |  78.3
       Dungeon | 100.0 | 100.0 |  -nan | 100.0 | 100.0 |  78.3
               +-------+-------+-------+-------+-------+----------------------

Vault maps used:
D:1:      elethiomel_arrival_maze
D:2:      first_bread, uniq_robin
D:3:      grunt_temple_overflow_open, gammafunk_temple_overflow_pools,
          kennysheep_generic_room_15
D:5:      lemuel_crystal_altar, nicolae_dithmenos_the_darkroom, basic_altar,
          serial_shops, shop, uniq_blork_the_orc
D:6:      nicolae_ru_path_of_blood, basic_altar, serial_shops,
          nicolae_shop_temple_entry_statues_fountains, kennysheep_mini, shop
